FLORIDA Panthers vs TAMPA BAY Lightning

Created - 6 octobre 2018 at 17:59

Goals
1 2 3 OT1 SO T
FLORIDA Panthers 0 1 3 0 0 4
TAMPA BAY Lightning 2 1 1 0 1 5
Shots
1 2 3 OT1 SO T
FLORIDA Panthers 10 17 8 1 3 36
TAMPA BAY Lightning 8 14 16 4 2 42

1st period

1. TAMPA BAY Lightning , Mikael Backlund 1 (Luca Sbisa 1) at 7:52 (PP)
2. TAMPA BAY Lightning , Patrick Maroon 1 (Luca Sbisa 2) at 19:38

Penalties :
Matt Niskanen (FLO) for Tripping (Minor) at 7:04

2nd period

3. TAMPA BAY Lightning , Luca Sbisa 1 (Ryan Kesler 1, Mats Zuccarello 1) at 5:12 (PP)
4. FLORIDA Panthers , Evgenii Dadonov 1 (Vincent Trocheck 1, Alexander Steen 1) at 9:58

Penalties :
Vincent Trocheck (FLO) for Goalie Interference (Minor) at 2:41, Brandon Dubinsky (FLO) for Slashing (Minor) at 3:31, Vincent Trocheck (FLO) for High sticking (Minor) at 7:33

3rd period

5. FLORIDA Panthers , Vincent Trocheck 1 (TJ Brodie 1) at 5:11
6. FLORIDA Panthers , TJ Brodie 1 (Dion Phaneuf 1, Oliver Bjorkstrand 1) at 8:28
7. TAMPA BAY Lightning , Patrick Maroon 2 (Milan Lucic 1, David Backes 1) at 14:32
8. FLORIDA Panthers , Evgenii Dadonov 2 (Vincent Trocheck 2) at 14:36

Penalties :
Brandon Dubinsky (FLO) for Roughing (Minor) at 9:37, William Carrier (TBL) for Tripping (Minor) at 12:01, Alec Martinez (FLO) for Tripping (Minor) at 17:06

Overtime #1

No Goal

Penalties :
No Penalty

Shootout

Penalty Shot by Evgenii Dadonov for FLORIDA Panthers - Stopped by Cory Schneider
Penalty Shot by Conor Sheary for TAMPA BAY Lightning - Stopped by Craig Anderson
Penalty Shot by Artem Anisimov for FLORIDA Panthers - Stopped by Cory Schneider
Penalty Shot by Filip Forsberg for TAMPA BAY Lightning - Goal!
Penalty Shot by Vincent Trocheck for FLORIDA Panthers - Shot Misses the Net

Penalties :
No Penalty

Goalie Stats

Craig Anderson (FLO), 38 saves from 42 shots - (0,905), OTL, 0-0-1, 65:00 minutes
Cory Schneider (TBL), 32 saves from 36 shots - (0,889), W, 1-0-0, 65:00 minutes

Players Stats for FLORIDA Panthers

Player Name              G  A  P  +/- PIM S  H  SB GA TA FO     MP     PP MP  PK MP  
------------------------------------------------------------------------------------
Alec Martinez            0  0  0   0  2   3  0  5  0  0  0/0    25:22   1:03   3:56 
Alexander Steen          0  1  1   3  0   3  1  1  0  0  2/4    23:30   1:03   2:01 
Antoine Vermette         0  0  0   0  0   0  0  0  0  0  2/4     4:46   0:00   0:00 
Artem Anisimov           0  0  0  -1  0   1  0  0  0  0  0/0    11:29   1:03   0:00 
Brandon Dubinsky         0  0  0   0  4   3  5  1  0  0  8/26   18:22   0:00   1:17 
Brandon Sutter           0  0  0  -1  0   0  1  1  0  0  18/29  15:52   0:00   6:50 
Brock Nelson             0  0  0  -1  0   1  0  0  0  0  0/0     9:02   0:00   0:00 
Colton Sceviour          0  0  0   0  0   0  0  1  0  0  0/1    10:42   0:00   5:56 
Dion Phaneuf             0  1  1   1  0   3  3  1  0  0  0/0    18:13   1:03   1:10 
Evgenii Dadonov          2  0  2   3  0   7  0  0  0  0  0/0    22:36   0:56   0:00 
Jay Bouwmeester          0  0  0  -1  0   1  0  1  0  0  0/0    19:13   0:00   5:13 
Matt Niskanen            0  0  0   2  2   1  2  1  0  0  0/0    28:50   0:56   4:10 
Matthew Tkachuk          0  0  0   0  0   2  0  0  0  0  1/2    16:57   0:56   0:00 
Nick Foligno             0  0  0   0  0   4  0  0  0  0  1/2    16:45   1:03   0:00 
Nick Holden              0  0  0  -1  0   1  0  0  0  0  0/0    14:00   0:00   0:00 
Oliver Bjorkstrand       0  1  1   0  0   1  1  0  0  0  1/1     4:46   0:00   0:00 
TJ Brodie                1  1  2   3  0   3  0  3  0  0  0/0    24:20   0:56   4:03 
Vincent Trocheck         1  2  3   3  4   2  4  0  0  0  22/40  24:44   0:56   1:18 

Players Stats for TAMPA BAY Lightning

Player Name              G  A  P  +/- PIM S  H  SB GA TA FO     MP     PP MP  PK MP  
------------------------------------------------------------------------------------
Brady Skjei              0  0  0   2  0   1  1  1  0  0  0/0    22:03   5:24   0:00 
Cedric Paquette          0  0  0   0  0   0  0  0  0  0  2/7     6:21   0:00   1:06 
Conor Sheary             0  0  0   0  0   2  1  0  0  0  1/1    20:21   3:36   0:25 
Danton Heinen            0  0  0   0  0   2  0  0  0  0  1/3    18:26   3:36   0:00 
David Backes             0  1  1   1  0   2  0  0  0  0  5/18   10:54   0:00   0:00 
David Savard             0  0  0  -2  0   0  3  1  0  0  0/0    24:13   0:00   1:06 
Dylan DeMelo             0  0  0  -1  0   1  1  0  0  0  0/0    15:53   3:52   0:07 
Filip Forsberg           0  0  0  -3  0   5  1  0  0  0  1/2    27:42   5:40   0:46 
Karl Alzner              0  0  0  -2  0   1  3  1  0  0  0/0    14:52   0:00   0:53 
Luca Sbisa               1  2  3   1  0   3  0  2  0  0  0/0    23:29   3:52   0:53 
Mats Zuccarello          0  1  1  -3  0   2  0  0  0  0  0/1    23:26   5:40   0:00 
Matt Martin              0  0  0   0  0   0  0  0  0  0  0/1     5:15   0:00   0:00 
Mikael Backlund          1  0  1   0  0   4  3  1  0  0  13/24  21:09   3:36   1:13 
Milan Lucic              0  1  1   1  0   1  3  0  0  0  0/0    10:54   0:00   0:00 
Patrick Maroon           2  0  2   1  0   6  1  0  0  0  0/0    10:54   0:00   0:00 
Ryan Kesler              0  1  1  -3  0   10 4  1  0  0  31/52  27:24   5:40   0:28 
Seth Jones               0  0  0  -2  0   2  1  3  0  0  0/0    29:30   5:24   0:59 
William Carrier          0  0  0   0  2   0  0  0  0  0  0/0     5:14   0:00   0:00 

3 Stars

1 - Evgenii Dadonov (FLO)
2 - Patrick Maroon (TBL)
3 - Luca Sbisa (TBL)

Power Play

FLORIDA Panthers - 0 on 1 Attempt(s) - 0,00%
TAMPA BAY Lightning - 2 on 6 Attempt(s) - 33,33%

Penalty Kill

FLORIDA Panthers - 4 on 6 Attempt(s) - 66,67% - Score 0 goal in Penalty Kill
TAMPA BAY Lightning - 1 on 1 Attempt(s) - 100,00% - Score 0 goal in Penalty Kill

Team Stat

FLORIDA Panthers - Hits : 17 - Faceoff Wins : 55 - Blocked Shots : 15 - Penalty Minutes : 12
TAMPA BAY Lightning - Hits : 22 - Faceoff Wins : 54 - Blocked Shots : 10 - Penalty Minutes : 2

Official

Referees : Unknown
Linesman : Unknown

Game Notes

No Game Note

Finance

Level 1 -- Attendance: 4488 (64,11%) -- Ticket Income 448 800 $
Level 2 -- Attendance: 3966 (70,82%) -- Ticket Income 237 960 $
Level 3 -- Attendance: 1998 (98,28%) -- Ticket Income 69 930 $
Level 4 -- Attendance: 4001 (100,00%) -- Ticket Income 80 020 $
Luxury Box -- Attendance: 761 (75,27%) -- Ticket Income 152 200 $
Game was played at the Amalie Arena.
Total Attendance: 15214 (77,44%)
Total Ticket Income: 988 910 $
Other Income: 385 675 $
Total Income: 1 374 585 $

FLORIDA Panthers

5 vs 5 Forward 
   Center                   Left Wing                Right Wing               Time % Phy DF OF 
 1 Vincent Trocheck         Evgenii Dadonov          Alexander Steen          40     1   2  2  
 2 Brandon Dubinsky         Matthew Tkachuk          Nick Foligno             30     1   2  2  
 3 Brandon Sutter           Artem Anisimov           Brock Nelson             20     1   2  2  
 4 Antoine Vermette         Colton Sceviour          Oliver Bjorkstrand       10     1   2  2  

5 vs 5 Defense 
   Defense                  Defense                                           Time % Phy DF OF 
 1 Matt Niskanen            Alec Martinez                                     40     1   2  2  
 2 Dion Phaneuf             TJ Brodie                                         30     1   2  2  
 3 Nick Holden              Jay Bouwmeester                                   20     1   2  2  
 4 Matt Niskanen            TJ Brodie                                         10     1   2  2  

PowerPlay Forward 
   Center                   Left Wing                Right Wing               Time % Phy DF OF 
 1 Vincent Trocheck         Matthew Tkachuk          Evgenii Dadonov          60     1   1  3  
 2 Artem Anisimov           Alexander Steen          Nick Foligno             40     1   1  3  

PowerPlay Defense
   Defense                  Defense                                           Time % Phy DF OF 
 1 TJ Brodie                Matt Niskanen                                     60     1   1  3  
 2 Alec Martinez            Dion Phaneuf                                      40     1   1  3  

Penalty Kill 4 Players Forward 
   Center                   Wing                     Time % Phy DF OF 
 1 Brandon Sutter           Colton Sceviour          60     1   3  1  
 2 Vincent Trocheck         Brandon Dubinsky         40     1   3  1  

Penalty Kill 4 Players Defense
   Defense                  Defense                  Time % Phy DF OF 
 1 Matt Niskanen            Jay Bouwmeester          60     1   3  1  
 2 TJ Brodie                Alec Martinez            40     1   3  1  

Penalty Kill - 3 Players Forward 
   Forward                                           Time % Phy DF OF 
 1 Brandon Sutter                                    60     0   5  0  
 2 Brandon Dubinsky                                  40     1   4  0  

Penalty Kill - 3 Players Defense
   Defense                  Defense                  Time % Phy DF OF 
 1 Jay Bouwmeester          Alec Martinez            60     0   5  0  
 2 Matt Niskanen            TJ Brodie                40     0   5  0  

4 vs 4 Forward 
   Center                   Wing                     Time % Phy DF OF 
 1 Vincent Trocheck         Evgenii Dadonov          60     1   1  3  
 2 Brandon Dubinsky         Artem Anisimov           40     1   2  2  

4 vs 4 Defense
   Defense                  Defense                  Time % Phy DF OF 
 1 TJ Brodie                Matt Niskanen            60     1   2  2  
 2 Dion Phaneuf             Alec Martinez            40     1   2  2  

Last Minutes Offensive
   Center                   Left Wing                Right Wing               Defense                  Defense                  
   Vincent Trocheck         Matthew Tkachuk          Evgenii Dadonov          Matt Niskanen            TJ Brodie                

Last Minutes Defensive
   Center                   Left Wing                Right Wing               Defense                  Defense                  
   Vincent Trocheck         Brandon Dubinsky         Brandon Sutter           Matt Niskanen            Jay Bouwmeester          

Goaltenders
Starting : Craig Anderson           
Backup : Darcy Kuemper            

Extra Forwards
Normal : Alexander Steen, Matthew Tkachuk, Vincent Trocheck - PP : Vincent Trocheck, Evgenii Dadonov - PK : Brandon Sutter
Extra Defensemen
Normal : TJ Brodie, Alec Martinez, Matt Niskanen - PP : Alec Martinez - PK : Jay Bouwmeester, Alec Martinez
Penalty Shots
Evgenii Dadonov, Artem Anisimov, Vincent Trocheck, Matthew Tkachuk, Nick Foligno

TAMPA BAY Lightning

5 vs 5 Forward 
   Center                   Left Wing                Right Wing               Time % Phy DF OF 
 1 Ryan Kesler              Filip Forsberg           Mats Zuccarello          40     1   2  2  
 2 Mikael Backlund          Danton Heinen            Conor Sheary             30     1   2  2  
 3 David Backes             Milan Lucic              Patrick Maroon           20     2   1  2  
 4 Cedric Paquette          William Carrier          Matt Martin              10     5   0  0  

5 vs 5 Defense 
   Defense                  Defense                                           Time % Phy DF OF 
 1 Seth Jones               David Savard                                      40     1   2  2  
 2 Brady Skjei              Luca Sbisa                                        30     1   2  2  
 3 Karl Alzner              Dylan DeMelo                                      20     1   2  2  
 4 Seth Jones               David Savard                                      10     1   2  2  

PowerPlay Forward 
   Center                   Left Wing                Right Wing               Time % Phy DF OF 
 1 Ryan Kesler              Filip Forsberg           Mats Zuccarello          60     0   1  4  
 2 Mikael Backlund          Danton Heinen            Conor Sheary             40     1   2  2  

PowerPlay Defense
   Defense                  Defense                                           Time % Phy DF OF 
 1 Seth Jones               Brady Skjei                                       60     0   1  4  
 2 Dylan DeMelo             Luca Sbisa                                        40     1   2  2  

Penalty Kill 4 Players Forward 
   Center                   Wing                     Time % Phy DF OF 
 1 Mikael Backlund          Cedric Paquette          60     1   3  1  
 2 Ryan Kesler              Filip Forsberg           40     1   3  1  

Penalty Kill 4 Players Defense
   Defense                  Defense                  Time % Phy DF OF 
 1 Seth Jones               David Savard             60     1   2  2  
 2 Karl Alzner              Luca Sbisa               40     1   2  2  

Penalty Kill - 3 Players Forward 
   Forward                                           Time % Phy DF OF 
 1 Ryan Kesler                                       60     1   2  2  
 2 Mikael Backlund                                   40     1   2  2  

Penalty Kill - 3 Players Defense
   Defense                  Defense                  Time % Phy DF OF 
 1 Seth Jones               David Savard             60     1   2  2  
 2 Karl Alzner              Luca Sbisa               40     1   2  2  

4 vs 4 Forward 
   Center                   Wing                     Time % Phy DF OF 
 1 Ryan Kesler              Filip Forsberg           60     1   2  2  
 2 Mikael Backlund          Conor Sheary             40     1   2  2  

4 vs 4 Defense
   Defense                  Defense                  Time % Phy DF OF 
 1 Seth Jones               David Savard             60     1   2  2  
 2 Karl Alzner              Luca Sbisa               40     1   2  2  

Last Minutes Offensive
   Center                   Left Wing                Right Wing               Defense                  Defense                  
   Ryan Kesler              Filip Forsberg           Mats Zuccarello          Seth Jones               Brady Skjei              

Last Minutes Defensive
   Center                   Left Wing                Right Wing               Defense                  Defense                  
   Ryan Kesler              Filip Forsberg           Mats Zuccarello          Seth Jones               David Savard             

Goaltenders
Starting : Cory Schneider           
Backup : Calvin Pickard           

Extra Forwards
Normal : Patrick Maroon, Cedric Paquette, Conor Sheary - PP : Patrick Maroon, Danton Heinen - PK : Conor Sheary
Extra Defensemen
Normal : Brady Skjei, Dylan DeMelo, Karl Alzner - PP : Brady Skjei - PK : Dylan DeMelo, Karl Alzner
Penalty Shots
Conor Sheary, Filip Forsberg, Patrick Maroon, Ryan Kesler, Seth Jones


% Time on Ice - FLORIDA Panthers

Lines # - Real PCT - Wanted PCT - Time Play
Normal Forward
1 - 39% - 40% - 19:15
2 - 32% - 30% - 15:42
3 - 19% - 20% - 9:02
4 - 10% - 10% - 4:46
Normal Defense
1 - 38% - 40% - 18:21
2 - 29% - 30% - 13:57
3 - 28% - 20% - 13:41
4 - 6% - 10% - 2:46
PP Forward
1 - 47% - 60% - 0:56
2 - 53% - 40% - 1:03
PP Defense
1 - 47% - 60% - 0:56
2 - 53% - 40% - 1:03
PK Forward
1 - 75% - 60% - 6:04
2 - 25% - 40% - 2:03
PK Defense
1 - 56% - 60% - 4:31
2 - 44% - 40% - 3:36
PK3 Forward
1 - 67% - 60% - 0:46
2 - 33% - 40% - 0:23
PK3 Defense
1 - 61% - 60% - 0:42
2 - 39% - 40% - 0:27
44 Forward
1 - 72% - 60% - 3:36
2 - 28% - 40% - 1:24
44 Defense
1 - 59% - 60% - 2:57
2 - 41% - 40% - 2:03
Last Minute Offensive  - 0:00
Last Minute Defensive  - 0:00
Total
Forward - 65:00
Defense - 65:00

% Time on Ice - TAMPA BAY Lightning

Lines # - Real PCT - Wanted PCT - Time Play
Normal Forward
1 - 36% - 40% - 17:46
2 - 30% - 30% - 14:50
3 - 22% - 20% - 10:54
4 - 11% - 10% - 5:15
Normal Defense
1 - 38% - 40% - 18:36
2 - 34% - 30% - 16:39
3 - 23% - 20% - 11:24
4 - 4% - 10% - 2:06
PP Forward
1 - 61% - 60% - 5:40
2 - 39% - 40% - 3:36
PP Defense
1 - 58% - 60% - 5:24
2 - 42% - 40% - 3:52
PK Forward
1 - 76% - 60% - 1:31
2 - 24% - 40% - 0:28
PK Defense
1 - 55% - 60% - 1:06
2 - 45% - 40% - 0:53
PK3 Forward
1 - 0% - 60%
2 - 0% - 40%
PK3 Defense
1 - 0% - 60%
2 - 0% - 40%
44 Forward
1 - 70% - 60% - 3:30
2 - 30% - 40% - 1:30
44 Defense
1 - 48% - 60% - 2:25
2 - 52% - 40% - 2:35
Last Minute Offensive  - 0:00
Last Minute Defensive  - 0:00
Total
Forward - 65:00
Defense - 65:00

Play by Play

1st period


0:01 of 1st period - Vincent Trocheck wins face-off versus Ryan Kesler in neutral zone.
0:04 of 1st period - Seth Jones is hit by Vincent Trocheck and loses puck.
0:42 of 1st period - Shot by Mats Zuccarello.
0:42 of 1st period - Shot Misses the Net.
0:44 of 1st period - Shot by Ryan Kesler.
0:44 of 1st period - Shot Blocked by Matt Niskanen.
1:15 of 1st period - Shot by Danton Heinen.
1:15 of 1st period - Shot Misses the Net.
1:17 of 1st period - Shot by Conor Sheary.
1:17 of 1st period - Deflect By Mikael Backlund.
1:17 of 1st period - Shot Blocked by Alec Martinez.
1:19 of 1st period - Shot by Luca Sbisa.
1:19 of 1st period - Shot Misses the Net.
1:58 of 1st period - Off-side.
1:59 of 1st period - Brandon Dubinsky wins face-off versus Cedric Paquette in neutral zone.
2:16 of 1st period - Shot by TJ Brodie.
2:16 of 1st period - Shot Misses the Net.
2:18 of 1st period - Shot by Nick Foligno.
2:18 of 1st period - Stopped by Cory Schneider with a rebound.
2:20 of 1st period - Shot by Dion Phaneuf.
2:20 of 1st period - Shot Misses the Net.
2:22 of 1st period - Shot by Brandon Dubinsky.
2:22 of 1st period - Stopped by Cory Schneider without a rebound.
2:23 of 1st period - Brandon Sutter wins face-off versus David Backes in TAMPA BAY Lightning zone.
2:26 of 1st period - Shot by Brock Nelson.
2:26 of 1st period - Shot Blocked by Karl Alzner.
2:28 of 1st period - Shot by Jay Bouwmeester.
2:28 of 1st period - Stopped by Cory Schneider without a rebound.
2:29 of 1st period - Ryan Kesler wins face-off versus Brandon Sutter in TAMPA BAY Lightning zone.
2:41 of 1st period - Brandon Sutter is hit by Karl Alzner and loses puck.
2:51 of 1st period - Brandon Sutter is hit by Karl Alzner and loses puck.
3:31 of 1st period - Icing by TJ Brodie.
3:32 of 1st period - Brandon Dubinsky wins face-off versus David Backes in FLORIDA Panthers zone.
3:32 of 1st period - Matthew Tkachuk is hit by Milan Lucic and loses puck.
4:02 of 1st period - Shot by David Savard.
4:02 of 1st period - Shot Blocked by Brandon Dubinsky.
4:04 of 1st period - Shot by David Backes.
4:04 of 1st period - Stopped by Craig Anderson without a rebound.
4:05 of 1st period - Mikael Backlund wins face-off versus Colton Sceviour in FLORIDA Panthers zone.
4:18 of 1st period - Shot by Danton Heinen.
4:18 of 1st period - Shot Blocked by Colton Sceviour.
5:18 of 1st period - Icing by Luca Sbisa.
5:19 of 1st period - Mikael Backlund wins face-off versus Brandon Dubinsky in TAMPA BAY Lightning zone.
5:19 of 1st period - Mikael Backlund is hit by Brandon Dubinsky.
5:40 of 1st period - Brandon Dubinsky is hit by Brady Skjei and loses puck.
5:51 of 1st period - Shot by Matthew Tkachuk.
5:51 of 1st period - Shot Misses the Net.
5:53 of 1st period - Shot by Nick Foligno.
5:53 of 1st period - Deflect By Brandon Dubinsky.
5:53 of 1st period - Stopped by Cory Schneider without a rebound.
5:54 of 1st period - Vincent Trocheck wins face-off versus Ryan Kesler in TAMPA BAY Lightning zone.
6:29 of 1st period - Shot by Mats Zuccarello.
6:29 of 1st period - Stopped by Craig Anderson without a rebound.
6:30 of 1st period - Brandon Dubinsky wins face-off versus David Backes in FLORIDA Panthers zone.
7:01 of 1st period - Shot by Patrick Maroon.
7:01 of 1st period - Shot Misses the Net.
7:03 of 1st period - Shot by Karl Alzner.
7:03 of 1st period - Shot Blocked by TJ Brodie.
7:04 of 1st period - Minor Penalty to Matt Niskanen for Tripping.
7:05 of 1st period - Brandon Sutter wins face-off versus Ryan Kesler in FLORIDA Panthers zone.
7:32 of 1st period - Shot by Seth Jones.
7:32 of 1st period - Shot Misses the Net.
7:34 of 1st period - Shot by Brady Skjei.
7:34 of 1st period - Shot Blocked by Alec Martinez.
7:36 of 1st period - Shot by Mats Zuccarello.
7:36 of 1st period - Shot Misses the Net.
7:38 of 1st period - Shot by Seth Jones.
7:38 of 1st period - Shot Blocked by Alec Martinez.
7:52 of 1st period - Shot by Mikael Backlund.
7:52 of 1st period - Goal by Mikael Backlund - FLORIDA Panthers : 0 - TAMPA BAY Lightning : 1.
7:53 of 1st period - Vincent Trocheck wins face-off versus Matt Martin in neutral zone.
8:17 of 1st period - Shot by Vincent Trocheck.
8:17 of 1st period - Deflect By Evgenii Dadonov.
8:17 of 1st period - Shot Misses the Net.
8:22 of 1st period - Icing by Karl Alzner.
8:23 of 1st period - Cedric Paquette wins face-off versus Brandon Dubinsky in TAMPA BAY Lightning zone.
8:31 of 1st period - Icing by Alec Martinez.
8:32 of 1st period - Ryan Kesler wins face-off versus Brandon Dubinsky in FLORIDA Panthers zone.
8:39 of 1st period - Shot by Matt Niskanen.
8:39 of 1st period - Shot Misses the Net.
8:41 of 1st period - Shot by Matt Niskanen.
8:41 of 1st period - Shot Blocked by Seth Jones.
8:55 of 1st period - Shot by Mats Zuccarello.
8:55 of 1st period - Deflect By Filip Forsberg.
8:55 of 1st period - Stopped by Craig Anderson without a rebound.
8:56 of 1st period - David Backes wins face-off versus Vincent Trocheck in FLORIDA Panthers zone.
9:07 of 1st period - Shot by Milan Lucic.
9:07 of 1st period - Stopped by Craig Anderson without a rebound.
9:08 of 1st period - Brandon Sutter wins face-off versus Ryan Kesler in FLORIDA Panthers zone.
10:23 of 1st period - Shot by Conor Sheary.
10:23 of 1st period - Shot Blocked by Alexander Steen.
10:39 of 1st period - Shot by Evgenii Dadonov.
10:39 of 1st period - Shot Misses the Net.
10:47 of 1st period - Shot by Vincent Trocheck.
10:47 of 1st period - Shot Blocked by Luca Sbisa.
10:51 of 1st period - Shot by Vincent Trocheck.
10:51 of 1st period - Shot Blocked by Luca Sbisa.
10:53 of 1st period - Shot by Nick Holden.
10:53 of 1st period - Stopped by Cory Schneider with a rebound.
11:02 of 1st period - Icing by Mikael Backlund.
11:03 of 1st period - Mikael Backlund wins face-off versus Brandon Dubinsky in TAMPA BAY Lightning zone.
11:07 of 1st period - Danton Heinen is hit by Dion Phaneuf and loses puck.
11:14 of 1st period - Conor Sheary is hit by Brandon Dubinsky.
11:22 of 1st period - Shot by Nick Foligno.
11:22 of 1st period - Deflect By Matthew Tkachuk.
11:22 of 1st period - Stopped by Cory Schneider without a rebound.
11:23 of 1st period - Ryan Kesler wins face-off versus Antoine Vermette in TAMPA BAY Lightning zone.
11:23 of 1st period - Mats Zuccarello is hit by Oliver Bjorkstrand and loses puck.
11:34 of 1st period - Shot by Matt Niskanen.
11:34 of 1st period - Stopped by Cory Schneider without a rebound.
11:35 of 1st period - David Backes wins face-off versus Brandon Dubinsky in TAMPA BAY Lightning zone.
11:39 of 1st period - Off-side.
11:40 of 1st period - Vincent Trocheck wins face-off versus Ryan Kesler in neutral zone.
12:04 of 1st period - Icing by Vincent Trocheck.
12:05 of 1st period - Alexander Steen wins face-off versus David Backes in FLORIDA Panthers zone.
12:53 of 1st period - Off-side.
12:54 of 1st period - Ryan Kesler wins face-off versus Brandon Dubinsky in neutral zone.
13:04 of 1st period - Shot by Alec Martinez.
13:04 of 1st period - Stopped by Cory Schneider without a rebound.
13:05 of 1st period - Brandon Sutter wins face-off versus Cedric Paquette in TAMPA BAY Lightning zone.
14:10 of 1st period - Shot by Ryan Kesler.
14:10 of 1st period - Shot Hit the Post.
14:20 of 1st period - Shot by Mats Zuccarello.
14:20 of 1st period - Stopped by Craig Anderson without a rebound.
14:21 of 1st period - Vincent Trocheck wins face-off versus Mikael Backlund in FLORIDA Panthers zone.
14:28 of 1st period - Shot by Evgenii Dadonov.
14:28 of 1st period - Deflect By Vincent Trocheck.
14:28 of 1st period - Shot Misses the Net.
14:38 of 1st period - Shot by Conor Sheary.
14:38 of 1st period - Shot Misses the Net.
15:17 of 1st period - Evgenii Dadonov is hit by Ryan Kesler and loses puck.
15:59 of 1st period - Icing by TJ Brodie.
16:00 of 1st period - Vincent Trocheck wins face-off versus David Backes in FLORIDA Panthers zone.
16:17 of 1st period - Shot by Patrick Maroon.
16:17 of 1st period - Stopped by Craig Anderson without a rebound.
16:18 of 1st period - Mikael Backlund wins face-off versus Brandon Dubinsky in FLORIDA Panthers zone.
17:02 of 1st period - Matthew Tkachuk is hit by Dylan DeMelo and loses puck.
17:31 of 1st period - Brandon Dubinsky is hit by Seth Jones and loses puck.
18:00 of 1st period - Shot by Ryan Kesler.
18:00 of 1st period - Shot Misses the Net.
18:23 of 1st period - Icing by Nick Holden.
18:24 of 1st period - Antoine Vermette wins face-off versus David Backes in FLORIDA Panthers zone.
18:39 of 1st period - Shot by Dion Phaneuf.
18:39 of 1st period - Stopped by Cory Schneider without a rebound.
18:40 of 1st period - Vincent Trocheck wins face-off versus Cedric Paquette in TAMPA BAY Lightning zone.
18:58 of 1st period - Off-side.
18:59 of 1st period - Brandon Sutter wins face-off versus David Backes in neutral zone.
19:38 of 1st period - Shot by Patrick Maroon.
19:38 of 1st period - Goal by Patrick Maroon - FLORIDA Panthers : 0 - TAMPA BAY Lightning : 2.
19:39 of 1st period - Brandon Dubinsky wins face-off versus Ryan Kesler in neutral zone.
19:41 of 1st period - Off-side.
19:42 of 1st period - Ryan Kesler wins face-off versus Brandon Dubinsky in neutral zone.
19:53 of 1st period - Shot by Nick Foligno.
19:53 of 1st period - Deflect By Matthew Tkachuk.
19:53 of 1st period - Stopped by Cory Schneider without a rebound.
19:54 of 1st period - Mikael Backlund wins face-off versus Vincent Trocheck in TAMPA BAY Lightning zone.
Goals for this period are 0 for FLORIDA Panthers vs 2 for TAMPA BAY Lightning.
Shots for this period are 10 for FLORIDA Panthers vs 8 for TAMPA BAY Lightning.

2nd period


0:01 of 2nd period - Ryan Kesler wins face-off versus Alexander Steen in neutral zone.
0:12 of 2nd period - Shot by Evgenii Dadonov.
0:12 of 2nd period - Shot Blocked by David Savard.
0:18 of 2nd period - Shot by Alexander Steen.
0:18 of 2nd period - Shot Misses the Net.
0:20 of 2nd period - Shot by Vincent Trocheck.
0:20 of 2nd period - Shot Misses the Net.
0:22 of 2nd period - Shot by Alec Martinez.
0:22 of 2nd period - Shot Misses the Net.
0:24 of 2nd period - Shot by Vincent Trocheck.
0:24 of 2nd period - Shot Blocked by Ryan Kesler.
0:46 of 2nd period - Shot by Vincent Trocheck.
0:46 of 2nd period - Shot Blocked by Seth Jones.
2:10 of 2nd period - Shot by Brock Nelson.
2:10 of 2nd period - Stopped by Cory Schneider without a rebound.
2:11 of 2nd period - Antoine Vermette wins face-off versus David Backes in TAMPA BAY Lightning zone.
2:34 of 2nd period - Shot by Oliver Bjorkstrand.
2:34 of 2nd period - Stopped by Cory Schneider without a rebound.
2:35 of 2nd period - Vincent Trocheck wins face-off versus Cedric Paquette in TAMPA BAY Lightning zone.
2:41 of 2nd period - Minor Penalty to Vincent Trocheck for Goalie Interference.
2:42 of 2nd period - Ryan Kesler wins face-off versus Brandon Sutter in FLORIDA Panthers zone.
3:16 of 2nd period - Shot by Ryan Kesler.
3:16 of 2nd period - Stopped by Craig Anderson without a rebound.
3:17 of 2nd period - Brandon Sutter wins face-off versus Mikael Backlund in FLORIDA Panthers zone.
3:31 of 2nd period - Minor Penalty to Brandon Dubinsky for Slashing.
3:32 of 2nd period - Ryan Kesler wins face-off versus Brandon Sutter in FLORIDA Panthers zone.
3:49 of 2nd period - Shot by Ryan Kesler.
3:49 of 2nd period - Deflect By Filip Forsberg.
3:49 of 2nd period - Shot Misses the Net.
3:57 of 2nd period - Shot by Mats Zuccarello.
3:57 of 2nd period - Shot Misses the Net.
3:59 of 2nd period - Shot by Dylan DeMelo.
3:59 of 2nd period - Shot Misses the Net.
4:33 of 2nd period - Shot by Seth Jones.
4:33 of 2nd period - Stopped by Craig Anderson without a rebound.
4:34 of 2nd period - Brandon Sutter wins face-off versus Mikael Backlund in FLORIDA Panthers zone.
4:57 of 2nd period - Shot by Danton Heinen.
4:57 of 2nd period - Shot Blocked by Brandon Sutter.
5:06 of 2nd period - Shot by Seth Jones.
5:06 of 2nd period - Stopped by Craig Anderson without a rebound.
5:07 of 2nd period - Ryan Kesler wins face-off versus Vincent Trocheck in FLORIDA Panthers zone.
5:12 of 2nd period - Shot by Luca Sbisa.
5:12 of 2nd period - Goal by Luca Sbisa - FLORIDA Panthers : 0 - TAMPA BAY Lightning : 3.
5:13 of 2nd period - David Backes wins face-off versus Vincent Trocheck in neutral zone.
5:13 of 2nd period - Seth Jones is hit by Vincent Trocheck and loses puck.
5:28 of 2nd period - Seth Jones is hit by Alexander Steen.
5:33 of 2nd period - Icing by Seth Jones.
5:34 of 2nd period - David Backes wins face-off versus Brandon Dubinsky in TAMPA BAY Lightning zone.
5:43 of 2nd period - Matthew Tkachuk is hit by Patrick Maroon and loses puck.
5:54 of 2nd period - Icing by Brandon Dubinsky.
5:55 of 2nd period - Ryan Kesler wins face-off versus Brandon Dubinsky in FLORIDA Panthers zone.
6:00 of 2nd period - Shot by Filip Forsberg.
6:00 of 2nd period - Deflect By Ryan Kesler.
6:00 of 2nd period - Stopped by Craig Anderson with a rebound.
6:06 of 2nd period - Shot by Matthew Tkachuk.
6:06 of 2nd period - Shot Misses the Net.
6:08 of 2nd period - Shot by Brandon Dubinsky.
6:08 of 2nd period - Stopped by Cory Schneider without a rebound.
6:09 of 2nd period - Mikael Backlund wins face-off versus Vincent Trocheck in TAMPA BAY Lightning zone.
6:14 of 2nd period - Shot by Mikael Backlund.
6:14 of 2nd period - Stopped by Craig Anderson without a rebound.
6:15 of 2nd period - Ryan Kesler wins face-off versus Vincent Trocheck in FLORIDA Panthers zone.
6:40 of 2nd period - Shot by Alexander Steen.
6:40 of 2nd period - Stopped by Cory Schneider without a rebound.
6:41 of 2nd period - Mikael Backlund wins face-off versus Brandon Dubinsky in TAMPA BAY Lightning zone.
7:05 of 2nd period - Mikael Backlund is hit by Brandon Dubinsky and loses puck.
7:21 of 2nd period - Shot by Luca Sbisa.
7:21 of 2nd period - Shot Misses the Net.
7:23 of 2nd period - Shot by Danton Heinen.
7:23 of 2nd period - Stopped by Craig Anderson without a rebound.
7:24 of 2nd period - Vincent Trocheck wins face-off versus Ryan Kesler in FLORIDA Panthers zone.
7:24 of 2nd period - Vincent Trocheck is hit by Ryan Kesler.
7:33 of 2nd period - Minor Penalty to Vincent Trocheck for High sticking.
7:34 of 2nd period - Brandon Sutter wins face-off versus Ryan Kesler in FLORIDA Panthers zone.
7:46 of 2nd period - Icing by Seth Jones.
7:47 of 2nd period - Ryan Kesler wins face-off versus Brandon Sutter in TAMPA BAY Lightning zone.
8:14 of 2nd period - Off-side.
8:15 of 2nd period - Mikael Backlund wins face-off versus Brandon Sutter in neutral zone.
8:30 of 2nd period - Shot by Luca Sbisa.
8:30 of 2nd period - Stopped by Craig Anderson without a rebound.
8:31 of 2nd period - Ryan Kesler wins face-off versus Brandon Sutter in FLORIDA Panthers zone.
8:42 of 2nd period - Shot by Dylan DeMelo.
8:42 of 2nd period - Stopped by Craig Anderson with a rebound.
9:05 of 2nd period - Shot by Filip Forsberg.
9:05 of 2nd period - Stopped by Craig Anderson without a rebound.
9:06 of 2nd period - Brandon Sutter wins face-off versus Mikael Backlund in FLORIDA Panthers zone.
9:06 of 2nd period - Brandon Sutter is hit by Mikael Backlund.
9:45 of 2nd period - Matthew Tkachuk is hit by Milan Lucic and loses puck.
9:54 of 2nd period - Shot by TJ Brodie.
9:54 of 2nd period - Stopped by Cory Schneider without a rebound.
9:55 of 2nd period - Vincent Trocheck wins face-off versus Ryan Kesler in TAMPA BAY Lightning zone.
9:58 of 2nd period - Shot by Vincent Trocheck.
9:58 of 2nd period - Deflect By Evgenii Dadonov.
9:58 of 2nd period - Goal by Evgenii Dadonov - FLORIDA Panthers : 1 - TAMPA BAY Lightning : 3.
9:59 of 2nd period - Ryan Kesler wins face-off versus Vincent Trocheck in neutral zone.
10:06 of 2nd period - Evgenii Dadonov is hit by Filip Forsberg and loses puck.
10:19 of 2nd period - Shot by Evgenii Dadonov.
10:19 of 2nd period - Stopped by Cory Schneider without a rebound.
10:20 of 2nd period - Brandon Sutter wins face-off versus Mikael Backlund in TAMPA BAY Lightning zone.
11:06 of 2nd period - Icing by Nick Holden.
11:07 of 2nd period - Brandon Sutter wins face-off versus Ryan Kesler in FLORIDA Panthers zone.
11:26 of 2nd period - Icing by Nick Holden.
11:27 of 2nd period - Brandon Sutter wins face-off versus Cedric Paquette in FLORIDA Panthers zone.
12:18 of 2nd period - Shot by Vincent Trocheck.
12:18 of 2nd period - Stopped by Cory Schneider without a rebound.
12:19 of 2nd period - Matthew Tkachuk wins face-off versus Ryan Kesler in TAMPA BAY Lightning zone.
12:22 of 2nd period - Shot by Dion Phaneuf.
12:22 of 2nd period - Stopped by Cory Schneider without a rebound.
12:23 of 2nd period - Ryan Kesler wins face-off versus Brandon Dubinsky in TAMPA BAY Lightning zone.
12:32 of 2nd period - Brandon Dubinsky is hit by Ryan Kesler and loses puck.
12:46 of 2nd period - Shot by Ryan Kesler.
12:46 of 2nd period - Stopped by Craig Anderson without a rebound.
12:47 of 2nd period - Mikael Backlund wins face-off versus Vincent Trocheck in FLORIDA Panthers zone.
12:50 of 2nd period - Shot by Conor Sheary.
12:50 of 2nd period - Shot Misses the Net.
13:06 of 2nd period - Shot by Evgenii Dadonov.
13:06 of 2nd period - Stopped by Cory Schneider without a rebound.
13:07 of 2nd period - Ryan Kesler wins face-off versus Matthew Tkachuk in TAMPA BAY Lightning zone.
13:22 of 2nd period - Nick Foligno is hit by Ryan Kesler and loses puck.
13:31 of 2nd period - Shot by Nick Foligno.
13:31 of 2nd period - Stopped by Cory Schneider with a rebound.
13:33 of 2nd period - Shot by TJ Brodie.
13:33 of 2nd period - Shot Misses the Net.
13:35 of 2nd period - Shot by TJ Brodie.
13:35 of 2nd period - Stopped by Cory Schneider with a rebound.
13:37 of 2nd period - Shot by Nick Foligno.
13:37 of 2nd period - Shot Misses the Net.
13:39 of 2nd period - Shot by Nick Foligno.
13:39 of 2nd period - Deflect By Brandon Dubinsky.
13:39 of 2nd period - Shot Misses the Net.
13:47 of 2nd period - Shot by Nick Foligno.
13:47 of 2nd period - Stopped by Cory Schneider without a rebound.
13:48 of 2nd period - Vincent Trocheck wins face-off versus Mikael Backlund in TAMPA BAY Lightning zone.
13:53 of 2nd period - Shot by Evgenii Dadonov.
13:53 of 2nd period - Shot Blocked by Brady Skjei.
14:30 of 2nd period - Off-side.
14:31 of 2nd period - Ryan Kesler wins face-off versus Brandon Sutter in neutral zone.
14:31 of 2nd period - Ryan Kesler is hit by Brandon Sutter.
14:53 of 2nd period - Shot by Brock Nelson.
14:53 of 2nd period - Shot Misses the Net.
15:00 of 2nd period - Off-side.
15:01 of 2nd period - Nick Foligno wins face-off versus David Backes in neutral zone.
15:46 of 2nd period - Nick Foligno is hit by Karl Alzner and loses puck.
16:00 of 2nd period - Icing by Nick Foligno.
16:01 of 2nd period - Ryan Kesler wins face-off versus Brandon Dubinsky in FLORIDA Panthers zone.
16:37 of 2nd period - Vincent Trocheck is hit by David Savard and loses puck.
16:40 of 2nd period - Shot by Alec Martinez.
16:40 of 2nd period - Stopped by Cory Schneider without a rebound.
16:41 of 2nd period - Oliver Bjorkstrand wins face-off versus Mikael Backlund in TAMPA BAY Lightning zone.
17:46 of 2nd period - Shot by Evgenii Dadonov.
17:46 of 2nd period - Shot Blocked by Mikael Backlund.
17:48 of 2nd period - Shot by Alexander Steen.
17:48 of 2nd period - Stopped by Cory Schneider without a rebound.
17:49 of 2nd period - Brandon Sutter wins face-off versus Ryan Kesler in TAMPA BAY Lightning zone.
17:49 of 2nd period - Brandon Sutter is hit by David Savard.
17:53 of 2nd period - Shot by Dion Phaneuf.
17:53 of 2nd period - Shot Misses the Net.
17:56 of 2nd period - Icing by David Savard.
17:57 of 2nd period - Vincent Trocheck wins face-off versus Ryan Kesler in TAMPA BAY Lightning zone.
18:12 of 2nd period - Shot by Evgenii Dadonov.
18:12 of 2nd period - Stopped by Cory Schneider without a rebound.
18:13 of 2nd period - Brandon Sutter wins face-off versus David Backes in TAMPA BAY Lightning zone.
18:26 of 2nd period - Shot by Milan Lucic.
18:26 of 2nd period - Shot Misses the Net.
18:53 of 2nd period - Shot by Patrick Maroon.
18:53 of 2nd period - Stopped by Craig Anderson without a rebound.
18:54 of 2nd period - Ryan Kesler wins face-off versus Alexander Steen in FLORIDA Panthers zone.
19:01 of 2nd period - Shot by Alec Martinez.
19:01 of 2nd period - Stopped by Cory Schneider without a rebound.
19:02 of 2nd period - Ryan Kesler wins face-off versus Vincent Trocheck in TAMPA BAY Lightning zone.
19:13 of 2nd period - Shot by Ryan Kesler.
19:13 of 2nd period - Shot Misses the Net.
19:15 of 2nd period - Shot by Ryan Kesler.
19:15 of 2nd period - Stopped by Craig Anderson without a rebound.
19:16 of 2nd period - Brandon Dubinsky wins face-off versus Danton Heinen in FLORIDA Panthers zone.
19:16 of 2nd period - Brandon Dubinsky is hit by Conor Sheary.
19:42 of 2nd period - Shot by Luca Sbisa.
19:42 of 2nd period - Shot Misses the Net.
19:44 of 2nd period - Shot by Conor Sheary.
19:44 of 2nd period - Shot Misses the Net.
19:46 of 2nd period - Shot by Conor Sheary.
19:46 of 2nd period - Shot Misses the Net.
19:48 of 2nd period - Shot by Mikael Backlund.
19:48 of 2nd period - Stopped by Craig Anderson without a rebound.
19:49 of 2nd period - Vincent Trocheck wins face-off versus Ryan Kesler in FLORIDA Panthers zone.
Goals for this period are 1 for FLORIDA Panthers vs 1 for TAMPA BAY Lightning.
Shots for this period are 17 for FLORIDA Panthers vs 14 for TAMPA BAY Lightning.

3rd period


0:01 of 3rd period - Ryan Kesler wins face-off versus Vincent Trocheck in neutral zone.
0:24 of 3rd period - Matt Niskanen is hit by David Savard and loses puck.
0:57 of 3rd period - Matt Niskanen is hit by Milan Lucic.
2:13 of 3rd period - Conor Sheary is hit by Dion Phaneuf and loses puck.
3:45 of 3rd period - Shot by Antoine Vermette.
3:45 of 3rd period - Shot Blocked by Seth Jones.
3:51 of 3rd period - Shot by Colton Sceviour.
3:51 of 3rd period - Shot Misses the Net.
4:42 of 3rd period - Shot by Ryan Kesler.
4:42 of 3rd period - Stopped by Craig Anderson with a rebound.
4:44 of 3rd period - Shot by Ryan Kesler.
4:44 of 3rd period - Stopped by Craig Anderson without a rebound.
4:45 of 3rd period - Brandon Sutter wins face-off versus Mikael Backlund in FLORIDA Panthers zone.
4:56 of 3rd period - Shot by Artem Anisimov.
4:56 of 3rd period - Stopped by Cory Schneider without a rebound.
4:57 of 3rd period - Alexander Steen wins face-off versus David Backes in TAMPA BAY Lightning zone.
5:03 of 3rd period - Icing by Karl Alzner.
5:04 of 3rd period - Vincent Trocheck wins face-off versus David Backes in TAMPA BAY Lightning zone.
5:11 of 3rd period - Shot by Vincent Trocheck.
5:11 of 3rd period - Goal by Vincent Trocheck - FLORIDA Panthers : 2 - TAMPA BAY Lightning : 3.
5:12 of 3rd period - Vincent Trocheck wins face-off versus Filip Forsberg in neutral zone.
5:14 of 3rd period - Off-side.
5:15 of 3rd period - Vincent Trocheck wins face-off versus Ryan Kesler in neutral zone.
5:41 of 3rd period - Shot by Alexander Steen.
5:41 of 3rd period - Stopped by Cory Schneider without a rebound.
5:42 of 3rd period - Brandon Dubinsky wins face-off versus Danton Heinen in TAMPA BAY Lightning zone.
5:43 of 3rd period - Shot by Nick Foligno.
5:43 of 3rd period - Stopped by Cory Schneider without a rebound.
5:44 of 3rd period - Mikael Backlund wins face-off versus Brandon Dubinsky in TAMPA BAY Lightning zone.
6:00 of 3rd period - Icing by Jay Bouwmeester.
6:01 of 3rd period - Ryan Kesler wins face-off versus Nick Foligno in FLORIDA Panthers zone.
6:02 of 3rd period - Shot by Mats Zuccarello.
6:02 of 3rd period - Shot Blocked by Jay Bouwmeester.
6:26 of 3rd period - Shot by Filip Forsberg.
6:26 of 3rd period - Stopped by Craig Anderson with a rebound.
6:28 of 3rd period - Shot by Seth Jones.
6:28 of 3rd period - Shot Misses the Net.
7:35 of 3rd period - Icing by Matt Niskanen.
7:36 of 3rd period - David Backes wins face-off versus Vincent Trocheck in FLORIDA Panthers zone.
8:10 of 3rd period - Shot by Patrick Maroon.
8:10 of 3rd period - Stopped by Craig Anderson without a rebound.
8:11 of 3rd period - Ryan Kesler wins face-off versus Antoine Vermette in FLORIDA Panthers zone.
8:11 of 3rd period - Ryan Kesler is hit by Dion Phaneuf.
8:26 of 3rd period - Shot by Dion Phaneuf.
8:26 of 3rd period - Stopped by Cory Schneider with a rebound.
8:28 of 3rd period - Shot by TJ Brodie.
8:28 of 3rd period - Goal by TJ Brodie - FLORIDA Panthers : 3 - TAMPA BAY Lightning : 3.
8:29 of 3rd period - Brandon Sutter wins face-off versus Mikael Backlund in neutral zone.
8:57 of 3rd period - Icing by Luca Sbisa.
8:58 of 3rd period - Mikael Backlund wins face-off versus Vincent Trocheck in TAMPA BAY Lightning zone.
9:03 of 3rd period - Shot by Danton Heinen.
9:03 of 3rd period - Stopped by Craig Anderson without a rebound.
9:04 of 3rd period - Vincent Trocheck wins face-off versus Ryan Kesler in FLORIDA Panthers zone.
9:06 of 3rd period - Icing by Matt Niskanen.
9:07 of 3rd period - Ryan Kesler wins face-off versus Vincent Trocheck in FLORIDA Panthers zone.
9:10 of 3rd period - Shot by Filip Forsberg.
9:10 of 3rd period - Stopped by Craig Anderson with a rebound.
9:29 of 3rd period - Icing by Matt Niskanen.
9:30 of 3rd period - Vincent Trocheck wins face-off versus David Backes in FLORIDA Panthers zone.
9:35 of 3rd period - Shot by Evgenii Dadonov.
9:35 of 3rd period - Stopped by Cory Schneider without a rebound.
9:36 of 3rd period - Filip Forsberg wins face-off versus Brandon Dubinsky in TAMPA BAY Lightning zone.
9:36 of 3rd period - Filip Forsberg is hit by Brandon Dubinsky.
9:37 of 3rd period - Minor Penalty to Brandon Dubinsky for Roughing.
9:38 of 3rd period - Brandon Sutter wins face-off versus Ryan Kesler in FLORIDA Panthers zone.
10:05 of 3rd period - Shot by Ryan Kesler.
10:05 of 3rd period - Stopped by Craig Anderson without a rebound.
10:06 of 3rd period - Mikael Backlund wins face-off versus Brandon Sutter in FLORIDA Panthers zone.
10:09 of 3rd period - Shot by Danton Heinen.
10:09 of 3rd period - Deflect By Conor Sheary.
10:09 of 3rd period - Shot Misses the Net.
10:11 of 3rd period - Shot by Mikael Backlund.
10:11 of 3rd period - Shot Misses the Net.
10:19 of 3rd period - Shot by Conor Sheary.
10:19 of 3rd period - Stopped by Craig Anderson with a rebound.
10:21 of 3rd period - Shot by Luca Sbisa.
10:21 of 3rd period - Shot Misses the Net.
11:22 of 3rd period - Shot by Brady Skjei.
11:22 of 3rd period - Stopped by Craig Anderson without a rebound.
11:23 of 3rd period - Ryan Kesler wins face-off versus Brandon Sutter in FLORIDA Panthers zone.
11:48 of 3rd period - Shot by David Backes.
11:48 of 3rd period - Stopped by Craig Anderson without a rebound.
11:49 of 3rd period - Cedric Paquette wins face-off versus Brandon Dubinsky in FLORIDA Panthers zone.
12:01 of 3rd period - Minor Penalty to William Carrier for Tripping.
12:02 of 3rd period - Mikael Backlund wins face-off versus Vincent Trocheck in TAMPA BAY Lightning zone.
12:02 of 3rd period - Mikael Backlund is hit by Vincent Trocheck.
14:30 of 3rd period - Shot by Milan Lucic.
14:30 of 3rd period - Shot Misses the Net.
14:32 of 3rd period - Shot by Patrick Maroon.
14:32 of 3rd period - Goal by Patrick Maroon - FLORIDA Panthers : 3 - TAMPA BAY Lightning : 4.
14:33 of 3rd period - Vincent Trocheck wins face-off versus Ryan Kesler in neutral zone.
14:36 of 3rd period - Shot by Evgenii Dadonov.
14:36 of 3rd period - Goal by Evgenii Dadonov - FLORIDA Panthers : 4 - TAMPA BAY Lightning : 4.
14:37 of 3rd period - Ryan Kesler wins face-off versus Brandon Dubinsky in neutral zone.
14:55 of 3rd period - Shot by Filip Forsberg.
14:55 of 3rd period - Shot Misses the Net.
14:57 of 3rd period - Shot by Ryan Kesler.
14:57 of 3rd period - Stopped by Craig Anderson with a rebound.
14:59 of 3rd period - Shot by Luca Sbisa.
14:59 of 3rd period - Shot Blocked by TJ Brodie.
15:08 of 3rd period - Shot by Luca Sbisa.
15:08 of 3rd period - Stopped by Craig Anderson without a rebound.
15:09 of 3rd period - Conor Sheary wins face-off versus Vincent Trocheck in FLORIDA Panthers zone.
15:56 of 3rd period - Danton Heinen is hit by Vincent Trocheck and loses puck.
16:35 of 3rd period - Shot by Patrick Maroon.
16:35 of 3rd period - Stopped by Craig Anderson with a rebound.
16:37 of 3rd period - Shot by Karl Alzner.
16:37 of 3rd period - Stopped by Craig Anderson without a rebound.
16:38 of 3rd period - Ryan Kesler wins face-off versus Brandon Sutter in FLORIDA Panthers zone.
16:47 of 3rd period - Shot by Filip Forsberg.
16:47 of 3rd period - Stopped by Craig Anderson without a rebound.
16:48 of 3rd period - Brandon Dubinsky wins face-off versus Ryan Kesler in FLORIDA Panthers zone.
17:06 of 3rd period - Minor Penalty to Alec Martinez for Tripping.
17:07 of 3rd period - Danton Heinen wins face-off versus Brandon Sutter in FLORIDA Panthers zone.
17:18 of 3rd period - Shot by Mikael Backlund.
17:18 of 3rd period - Shot Misses the Net.
17:26 of 3rd period - Dion Phaneuf is hit by Mikael Backlund and loses puck.
17:51 of 3rd period - Colton Sceviour is hit by Mikael Backlund.
18:23 of 3rd period - Shot by Dylan DeMelo.
18:23 of 3rd period - Shot Misses the Net.
18:39 of 3rd period - Icing by Ryan Kesler.
18:40 of 3rd period - Brandon Sutter wins face-off versus Mats Zuccarello in TAMPA BAY Lightning zone.
19:33 of 3rd period - Shot by David Backes.
19:33 of 3rd period - Shot Blocked by Alec Martinez.
Goals for this period are 3 for FLORIDA Panthers vs 1 for TAMPA BAY Lightning.
Shots for this period are 8 for FLORIDA Panthers vs 16 for TAMPA BAY Lightning.

Overtime #1


0:01 of 1st overtime period - Vincent Trocheck wins face-off versus Ryan Kesler in neutral zone.
0:06 of 1st overtime period - Shot by Evgenii Dadonov.
0:06 of 1st overtime period - Stopped by Cory Schneider with a rebound.
0:45 of 1st overtime period - Shot by Ryan Kesler.
0:45 of 1st overtime period - Stopped by Craig Anderson without a rebound.
0:46 of 1st overtime period - Ryan Kesler wins face-off versus Vincent Trocheck in FLORIDA Panthers zone.
0:51 of 1st overtime period - Shot by Ryan Kesler.
0:51 of 1st overtime period - Shot Misses the Net.
0:55 of 1st overtime period - Shot by Ryan Kesler.
0:55 of 1st overtime period - Deflect By Filip Forsberg.
0:55 of 1st overtime period - Shot Misses the Net.
0:57 of 1st overtime period - Shot by Filip Forsberg.
0:57 of 1st overtime period - Shot Misses the Net.
0:59 of 1st overtime period - Shot by Filip Forsberg.
0:59 of 1st overtime period - Shot Blocked by Alec Martinez.
1:01 of 1st overtime period - Shot by Luca Sbisa.
1:01 of 1st overtime period - Shot Misses the Net.
1:03 of 1st overtime period - Shot by Ryan Kesler.
1:03 of 1st overtime period - Stopped by Craig Anderson without a rebound.
1:04 of 1st overtime period - Brandon Dubinsky wins face-off versus Mikael Backlund in FLORIDA Panthers zone.
1:09 of 1st overtime period - Luca Sbisa is hit by Brandon Dubinsky.
1:13 of 1st overtime period - Shot by Mikael Backlund.
1:13 of 1st overtime period - Stopped by Craig Anderson without a rebound.
1:14 of 1st overtime period - Ryan Kesler wins face-off versus Vincent Trocheck in FLORIDA Panthers zone.
1:29 of 1st overtime period - Shot by Filip Forsberg.
1:29 of 1st overtime period - Shot Blocked by TJ Brodie.
1:32 of 1st overtime period - Icing by Evgenii Dadonov.
1:33 of 1st overtime period - Ryan Kesler wins face-off versus Vincent Trocheck in FLORIDA Panthers zone.
2:05 of 1st overtime period - Icing by TJ Brodie.
2:06 of 1st overtime period - Vincent Trocheck wins face-off versus Mikael Backlund in FLORIDA Panthers zone.
2:39 of 1st overtime period - Shot by Mikael Backlund.
2:39 of 1st overtime period - Deflect By Conor Sheary.
2:39 of 1st overtime period - Stopped by Craig Anderson without a rebound.
2:40 of 1st overtime period - Vincent Trocheck wins face-off versus Ryan Kesler in FLORIDA Panthers zone.
2:59 of 1st overtime period - Shot by Ryan Kesler.
2:59 of 1st overtime period - Shot Blocked by Dion Phaneuf.
3:50 of 1st overtime period - Off-side.
3:51 of 1st overtime period - Ryan Kesler wins face-off versus Brandon Dubinsky in neutral zone.
3:53 of 1st overtime period - Karl Alzner is hit by Matt Niskanen and loses puck.
4:29 of 1st overtime period - Ryan Kesler is hit by Matt Niskanen and loses puck.
Goals for this period are 0 for FLORIDA Panthers vs 0 for TAMPA BAY Lightning.
Shots for this period are 1 for FLORIDA Panthers vs 4 for TAMPA BAY Lightning.

ShootOut


5:00 of 1st overtime period - Penalty Shot by Evgenii Dadonov for FLORIDA Panthers.
5:00 of 1st overtime period - Stopped by Cory Schneider.
5:00 of 1st overtime period - Penalty Shot by Conor Sheary for TAMPA BAY Lightning.
5:00 of 1st overtime period - Stopped by Craig Anderson.
5:00 of 1st overtime period - Penalty Shot by Artem Anisimov for FLORIDA Panthers.
5:00 of 1st overtime period - Stopped by Cory Schneider.
5:00 of 1st overtime period - Penalty Shot by Filip Forsberg for TAMPA BAY Lightning.
5:00 of 1st overtime period - Goal by Filip Forsberg.
5:00 of 1st overtime period - Penalty Shot by Vincent Trocheck for FLORIDA Panthers.
5:00 of 1st overtime period - Shot Misses the Net.